[Event "Team 45 45 League T89"]
[Site "Internet Chess Club"]
[Date "2021.07.25"]
[Round "3"]
[White "fvafier"]
[Black "MartyJR"]
[Result "0-1"]
[WhiteElo "1497"]
[BlackElo "1577"]
[Opening "QGD Slav: Dutch variation"]
[ECO "D18"]
[Time "13:00:25"]
[TimeControl "2700+45"]

1. d4 d5 2. c4 c6 3. Nf3 Nf6 4. Nc3 dxc4 5. a4 Bf5 6. e3 e6 7. Bxc4 Bb4 8. O-O
O-O 9. Bd2 Bd6 10. h3 h6 11. Re1 Ne4 12. Nxe4 Bxe4 13. Qb3 Qb6 14. Bc3 Qxb3 15.
Bxb3 Nd7 16. Nd2 Bh7 17. e4 c5 18. Nc4 Be7 19. d5 exd5 20. exd5 Bf6 21. Bxf6
Nxf6 22. d6 Rad8 23. Re7 Be4 24. Ne5 Rxd6 25. Nxf7 Rd3 26. Bc4 Rd4 27. b3 Kh7
28. Rc7 Nd5 29. Rxb7 Nf4 30. Rxa7 Bxg2 31. Rc7 Be4 32. Kh2 Rd2 33. Kg3 Nh5+ 34.
Kg4 Nf6+ 35. Kf4 Rxf2+ 36. Ke3 Rf3+ 37. Kd2 Rxh3 38. Ne5 Rd8+ 39. Ke2 Rh2+ 40.
Ke3 Rh3+ 41. Ke2 Rh2+ 42. Ke3 Bd5 43. Rxc5 Bxc4 44. Rxc4 Re8 45. Kd4 Rd2+ 46.
Ke3 Rb2 47. Kd4 Rxb3 48. Nc6 Re4+ 49. Kc5 Nd7+ 50. Kd5 Ree3 51. Kd4 Nb6 52. a5
Nxc4 53. Kxc4 Rbc3+ 54. Kb5 Rb3+ 55. Kc5 Rec3+ 56. Kd6 Ra3 57. Rxa3 Rxa3 58. Kc5
g5 59. Kb6 g4 60. Nd4 h5 61. a6 h4 62. a7 h3 63. Ne2 h2 64. Ng3 Kg6 65. Nh1 Kg5
66. Kb7 Kh4 67. a8=Q Rxa8 68. Kxa8 Kh3 {White resigns} 0-1

[Event "Team 45 45 League T89"]
[Site "Internet Chess Club"]
[Date "2021.07.25"]
[Round "3"]
[White "goldeen7"]
[Black "Denis240964"]
[Result "1-0"]
[WhiteElo "1432"]
[BlackElo "1446"]
[Opening "Ruy Lopez: closed"]
[ECO "C90"]
[Time "09:00:17"]
[TimeControl "2700+45"]

1. e4 e5 2. Nf3 Nc6 3. Bb5 a6 4. Ba4 Nf6 5. O-O b5 6. Bb3 Be7 7. Re1 d6 8. d3
Na5 9. c3 Nxb3 10. Qxb3 c5 11. Nbd2 O-O 12. Nf1 Be6 13. Qd1 Qd7 14. Ng5 Bg4 15.
f3 Bh5 16. Ng3 Bg6 17. Be3 h6 18. Nh3 Ne8 19. f4 f5 20. exf5 Bxf5 21. Nxf5 Rxf5
22. fxe5 Rxe5 23. Qf3 Nc7 24. Qg3 Re6 25. Nf4 Rf6 26. Nh5 Rf7 27. Bxh6 Bf8 28.
Rf1 Re8 29. Rxf7 Qxf7 30. Rf1 Qe7 31. Bxg7 Bxg7 32. Nf6+ Kf7 33. Nd5+ Kg8 34.
Nxe7+ Rxe7 35. Qxd6 Rf7 36. Rxf7 Kxf7 37. Qxc7+ {Black resigns} 1-0

[Event "Team 45 45 League T89"]
[Site "Internet Chess Club"]
[Date "2021.07.25"]
[Round "3"]
[White "DaveTheRook"]
[Black "RoyalFizzbin"]
[Result "1/2-1/2"]
[WhiteElo "1440"]
[BlackElo "1298"]
[Opening "QGD Slav defense"]
[ECO "D10"]
[Time "11:30:55"]
[TimeControl "2700+45"]

1. d4 d5 2. c4 c6 3. c5 e5 4. e3 Nd7 5. b4 b6 6. Nd2 Ngf6 7. Ngf3 Qc7 8. Bb2
exd4 9. exd4 Be7 10. Bd3 O-O 11. O-O Bb7 12. Re1 Rfe8 13. Qc2 g6 14. Nf1 Bf8 15.
Rxe8 Rxe8 16. h3 Bg7 17. Re1 Rxe1 18. Nxe1 Nh5 19. Nf3 Nf4 20. Ng3 Nxd3 21. Qxd3
Bc8 22. Bc1 Qb7 23. Be3 Qa6 24. Qxa6 Bxa6 25. a3 {Game drawn by mutual
agreement} 1/2-1/2

[Event "Team 45 45 League T89"]
[Site "Internet Chess Club"]
[Date "2021.07.26"]
[Round "3"]
[White "liujf"]
[Black "KidRattler"]
[Result "0-1"]
[WhiteElo "1571"]
[BlackElo "1744"]
[Opening "Queen's pawn: London system"]
[ECO "A45"]
[Time "20:04:12"]
[TimeControl "2700+45"]

1. d4 Nf6 2. Bf4 g6 3. Nc3 Bg7 4. e4 d6 5. Qd2 Nbd7 6. Bh6 O-O 7. Bxg7 Kxg7 8.
h4 h5 9. Nf3 e5 10. O-O-O Re8 11. Bc4 Ng4 12. Ng5 Nh6 13. f4 Nb6 14. Bb3 f6 15.
Nf3 Ng4 16. Rhf1 Qe7 17. dxe5 dxe5 18. Kb1 c6 19. fxe5 Nxe5 20. Nxe5 Qxe5 21.
Qf4 Bg4 22. Qxe5 Rxe5 23. Rd6 Nd7 24. Kc1 Rae8 25. Rf2 g5 26. hxg5 Rxg5 27. Rfd2
Re7 28. Ne2 Nc5 29. Nc3 Nxe4 30. Nxe4 Rxe4 31. Rf2 Re1+ 32. Kd2 Rd1+ 33. Kc3
Rxd6 34. Rf4 a5 35. Re4 Rc5+ 36. Bc4 Be6 {White resigns} 0-1

[Event "Team 45 45 League T89"]
[Site "Internet Chess Club"]
[Date "2021.07.26"]
[Round "3"]
[White "cayo89"]
[Black "Validus"]
[Result "1-0"]
[WhiteElo "1530"]
[BlackElo "1392"]
[Opening "Queen's pawn, Mason variation"]
[ECO "D00"]
[Time "19:13:43"]
[TimeControl "2700+45"]

1. d4 d5 2. Bf4 Bf5 3. e3 Nc6 4. c4 Nf6 5. Nc3 a6 6. f3 dxc4 7. Bxc4 e6 8. g4
Bg6 9. h4 h5 10. g5 Nd5 11. Bxd5 exd5 12. Nge2 Bd6 13. a3 Qe7 14. Nxd5 Qe6 15.
e4 Bxe4 16. fxe4 Qxe4 17. Nxc7+ Bxc7 18. Rf1 Ba5+ 19. Kf2 Rd8 20. Kg3 O-O 21.
Nc3 Bxc3 22. bxc3 Ne7 23. Qxh5 g6 24. Qf3 Nf5+ 25. Kh3 Qc2 26. Be5 Qa4 27. Qxb7
Qc4 28. Rxf5 gxf5 29. Qf3 Qe6 30. Qh5 f4+ 31. Kh2 f6 32. gxf6 Rf7 33. Rg1+ Rg7
34. Rxg7+ Kf8 35. Qh8+ Qg8 36. Qxg8# {Black checkmated} 1-0

[Event "Team 45 45 League T89"]
[Site "Internet Chess Club"]
[Date "2021.07.24"]
[Round "3"]
[White "Kidpython"]
[Black "piirimae"]
[Result "0-1"]
[WhiteElo "1088"]
[BlackElo "1325"]
[Opening "French defense"]
[ECO "C00"]
[Time "15:09:43"]
[TimeControl "2700+45"]

1. e4 e6 2. Nf3 d5 3. exd5 exd5 4. d4 Nc6 5. Bb5 Bd7 6. Nc3 Bb4 7. Bd2 a6 8.
Bxc6 Bxc6 9. O-O Ne7 10. a3 Bxc3 11. Bxc3 O-O 12. Re1 Re8 13. Ne5 f6 14. Nxc6
Nxc6 15. Rxe8+ Qxe8 16. Qf3 Qd7 17. Rd1 Re8 18. Kf1 Re4 19. Qd3 Qd6 20. Kg1 Qe6
21. Kf1 Ne7 22. f3 Re3 23. Re1 Rxe1+ 24. Bxe1 Nf5 25. c3 Ne3+ 26. Kf2 Nc4 27.
Qc2 Qb6 28. Qe2 Qxb2 29. Qxb2 Nxb2 30. Bd2 Kf7 31. Bf4 Nd3+ 32. Ke3 Nxf4 33.
Kxf4 Ke6 34. a4 b6 35. g4 c6 36. Ke3 b5 37. axb5 cxb5 38. Kd2 g5 39. h3 a5 40.
Kc2 a4 41. Kb2 f5 42. Kc2 Kf6 43. Kb2 Kg6 44. Ka3 h5 45. Kb4 fxg4 46. fxg4 hxg4
47. hxg4 Kf6 48. Ka3 Ke6 49. Kb4 Kd6 50. Ka3 Kc6 51. Kb4 Kb6 52. Ka3 Ka5 53. Kb2
b4 54. cxb4+ Kxb4 55. Ka2 Kc4 56. Kb2 Kxd4 57. Kc2 Ke3 58. Kd1 d4 59. Ke1 d3 60.
Kf1 d2 61. Kg1 Kf3 62. Kh1 Kg3 63. Kg1 d1=R# {White checkmated} 0-1

[Event "Team 45 45 League T89"]
[Site "Internet Chess Club"]
[Date "2021.07.21"]
[Round "3"]
[White "QuieroAprender"]
[Black "ChessJayden"]
[Result "1-0"]
[WhiteElo "1649"]
[BlackElo "1706"]
[Opening "Sicilian: Canal-Sokolsky attack, Sokolsky variation"]
[ECO "B52"]
[Time "16:44:43"]
[TimeControl "2700+45"]

1. e4 c5 2. Nf3 d6 3. Bb5+ Bd7 4. Bxd7+ Qxd7 5. c4 Nf6 6. Nc3 Nc6 7. O-O g6 8.
Re1 Bg7 9. Rb1 O-O 10. d3 e6 11. h3 b6 12. Bf4 Rfd8 13. Qe2 Ne8 14. a3 Rab8 15.
Rbd1 a6 16. e5 dxe5 17. Nxe5 Nxe5 18. Bxe5 Bxe5 19. Qxe5 Ng7 20. Ne4 Qd4 21.
Nf6+ Kh8 22. Qxd4 Rxd4 23. Re4 Rbd8 24. Rxd4 Rxd4 25. g4 Rd6 26. Ne4 Rd8 27. Nf6
h6 28. Kf1 Rd4 29. Ke2 e5 30. Nd5 Ne6 31. Nxb6 Nf4+ 32. Ke3 Nxh3 33. b4 cxb4 34.
axb4 Rxg4 35. d4 Rxd4 36. Rxd4 exd4+ 37. Kxd4 Nf4 38. c5 Ne6+ 39. Ke5 a5 40.
bxa5 Nxc5 41. Kd5 Na6 42. Nd7 h5 43. Kc6 Kg7 44. Nc5 h4 45. Ne4 h3 46. Kb6 Nb8
47. Kb7 Nd7 48. Kc6 h2 49. Ng3 f5 50. Kxd7 f4 51. Nh1 g5 52. a6 g4 53. a7 {Black
resigns} 1-0

[Event "Team 45 45 League T89"]
[Site "Internet Chess Club"]
[Date "2021.07.24"]
[Round "3"]
[White "handsomematch"]
[Black "kabindra"]
[Result "1/2-1/2"]
[WhiteElo "1404"]
[BlackElo "1806"]
[Opening "Ruy Lopez: Bird's defense"]
[ECO "C61"]
[Time "17:00:51"]
[TimeControl "2700+45"]

1. e4 e5 2. Nf3 Nc6 3. Bb5 Nd4 4. Nxd4 exd4 5. O-O c6 6. Bc4 b5 7. Bb3 a5 8. Qf3
Qf6 9. Qxf6 Nxf6 10. e5 Ne4 11. a4 b4 12. d3 Nc5 13. Ba2 Be7 14. Bf4 O-O 15. Nd2
Kh8 16. Nf3 Nxa4 17. Nxd4 Nxb2 18. Bb3 Bb7 19. Rab1 a4 20. Rxb2 axb3 21. Rxb3
Ra3 22. Rfb1 Ba6 23. Bd2 c5 24. Nf5 Re8 25. Rxa3 bxa3 26. Ra1 c4 27. Nxe7 Rxe7
28. Rxa3 Re6 29. dxc4 h6 30. c5 Bb5 31. f4 Ra6 32. Rb3 Ra1+ 33. Kf2 Rf1+ 34. Ke3
Bc6 35. g3 Rh1 36. h4 h5 37. c4 Rg1 38. Kd4 Kh7 39. Rd3 Kg6 40. Kc3 Kf5 41. Re3
Kg4 42. Be1 Rf1 43. Kd2 Rf3 44. Rd3 Rxd3+ 45. Kxd3 Kf3 46. f5 Kg4 47. f6 g6 48.
Ke3 Kf5 49. Bc3 Bh1 50. Kd4 Bc6 51. Bd2 Bg2 52. Bf4 Bc6 {Game drawn by mutual
agreement} 1/2-1/2

[Event "Team 45 45 League T89"]
[Site "Internet Chess Club"]
[Date "2021.07.23"]
[Round "3"]
[White "julesraider"]
[Black "aec7r3b"]
[Result "1-0"]
[WhiteElo "1567"]
[BlackElo "1227"]
[Opening "Grünfeld: modern exchange variation"]
[ECO "D85"]
[Time "16:37:00"]
[TimeControl "2700+45"]

1. d4 Nf6 2. c4 g6 3. Nc3 d5 4. cxd5 Nxd5 5. e4 Nxc3 6. bxc3 Bg7 7. Nf3 c5 8.
Rb1 O-O 9. Be2 Nc6 10. d5 Bxc3+ 11. Bd2 Bxd2+ 12. Qxd2 Na5 13. h4 h5 14. Qh6 e6
15. e5 exd5 16. Ng5 Qe7 17. Qh7# {Black checkmated} 1-0

[Event "Team 45 45 League T89"]
[Site "Internet Chess Club"]
[Date "2021.07.26"]
[Round "3"]
[White "Portola"]
[Black "fhunfi"]
[Result "1/2-1/2"]
[WhiteElo "1684"]
[BlackElo "1783"]
[Opening "Queen's pawn game"]
[ECO "A46"]
[Time "09:00:13"]
[TimeControl "2700+45"]

1. d4 Nf6 2. Nf3 c6 3. c3 d5 4. Bg5 Qb6 5. Qb3 Nbd7 6. Nbd2 h6 7. Bh4 g5 8. Bg3
Nh5 9. e3 Nxg3 10. hxg3 Qxb3 11. axb3 Bg7 12. b4 e5 13. dxe5 Nxe5 14. Be2 Nxf3+
15. Bxf3 g4 16. Be2 Bf5 17. Nb3 a6 18. Nc5 Rb8 19. Rh5 Bg6 20. Rh2 h5 21. O-O-O
Bf8 22. Bxg4 Bxc5 23. bxc5 b6 24. cxb6 Rxb6 25. Rdh1 Ke7 26. Bxh5 Bxh5 27. Rxh5
Rhb8 28. b4 a5 29. bxa5 Ra6 30. Rf5 Rxa5 31. Kc2 Ra2+ 32. Kd3 Rbb2 33. Kd4 Ra4+
34. Kd3 Raa2 35. Rd1 Rxf2 36. Rxf2 Rxf2 37. Rg1 Kd6 38. e4 Ke5 39. exd5 Kxd5 40.
Re1 Rxg2 41. c4+ Kd6 42. Re3 c5 43. Kc3 f5 44. Kb3 Kc6 45. Rf3 Kb6 46. Rxf5
Rxg3+ 47. Ka4 Rg6 48. Rf8 Rc6 49. Rb8+ Ka6 50. Rb5 Rc8 51. Kb3 Ka7 52. Kc3 Ka6
53. Kd3 Rd8+ 54. Kc3 Rc8 55. Kd3 Rd8+ 56. Ke3 Rd6 57. Rxc5 Kb6 58. Re5 Kc6 59.
Ke4 Rd1 60. Kf5 Rc1 61. Re8 Rxc4 62. Rc8+ Kb5 {Game drawn by mutual agreement}
1/2-1/2

[Event "Team 45 45 League T89"]
[Site "Internet Chess Club"]
[Date "2021.07.23"]
[Round "3"]
[White "Draconian"]
[Black "mongmong"]
[Result "1-0"]
[WhiteElo "1775"]
[BlackElo "1529"]
[Opening "French: advance, Milner-Barry gambit"]
[ECO "C02"]
[Time "19:05:56"]
[TimeControl "2700+45"]

1. e4 e6 2. d4 d5 3. e5 c5 4. c3 Nc6 5. Nf3 Qb6 6. Bd3 cxd4 7. cxd4 Bd7 8. Bc2
Nb4 9. O-O Nxc2 10. Qxc2 Ne7 11. Nc3 Rc8 12. Bf4 Nc6 13. Rfd1 Be7 14. Rac1 O-O
15. Bg5 f6 16. exf6 Bxf6 17. Na4 Qd8 18. Bxf6 Rxf6 19. Nc5 b6 20. Nxd7 Qxd7 21.
Ne5 Ne7 22. Nxd7 Rxc2 23. Nxf6+ gxf6 24. Rxc2 {Black resigns} 1-0

[Event "Team 45 45 League T89"]
[Site "Internet Chess Club"]
[Date "2021.07.23"]
[Round "3"]
[White "rubo"]
[Black "trogers41"]
[Result "0-1"]
[WhiteElo "1496"]
[BlackElo "1293"]
[Opening "Queen's pawn: London system"]
[ECO "A45"]
[Time "17:00:54"]
[TimeControl "2700+45"]

1. d4 Nf6 2. Bf4 g6 3. Nc3 d5 4. e3 Bg7 5. Nf3 Bg4 6. h3 Bxf3 7. Qxf3 O-O 8. Bd3
e6 9. g4 Nc6 10. a3 a6 11. h4 h5 12. gxh5 Nxh5 13. Ne2 Nxf4 14. Qxf4 e5 15. dxe5
Bxe5 16. Qg4 Bg7 17. Nf4 Ne5 18. Qg2 Nxd3+ 19. cxd3 c6 20. Ke2 Qf6 21. d4 Rfe8
22. Kd2 Re4 23. Ne2 Rxh4 24. Rxh4 Qxh4 25. Rh1 Qf6 26. Nf4 Qf5 27. Nd3 b6 28.
Nb4 Qe6 29. Rc1 c5 30. Nxd5 Rd8 31. Nc7 Qd6 32. Nxa6 cxd4 33. e4 Bh6+ 34. Kd1
Bxc1 35. Kxc1 Qf4+ 36. Kb1 Rc8 37. Nb4 Qc1+ 38. Ka2 Qc4+ 39. Kb1 d3 40. f3 Qc1+
41. Ka2 d2 42. Nd3 Qc4+ {White resigns} 0-1

[Event "Team 45 45 League T89"]
[Site "Internet Chess Club"]
[Date "2021.07.26"]
[Round "3"]
[White "arconia"]
[Black "nosir"]
[Result "0-1"]
[WhiteElo "1143"]
[BlackElo "1416"]
[Opening "French defense"]
[ECO "C00"]
[Time "15:00:12"]
[TimeControl "2700+45"]

1. e4 e6 2. Nf3 d5 3. e5 c5 4. Be2 Nc6 5. c3 Qb6 6. O-O Nh6 7. h3 Be7 8. b3 Nf5
9. Bb2 Bd7 10. a4 a5 11. Na3 Na7 12. Nh2 Nc6 13. c4 d4 14. f4 Nb4 15. Nb5 Ng3
16. Rf3 Nxe2+ 17. Qxe2 Bc6 18. Rg3 g6 19. Nd6+ Bxd6 20. exd6 O-O-O 21. Qe5 Be8
22. Qxh8 Qxd6 23. Rf1 Bxa4 24. Qe5 Bxb3 25. Qxd6 Rxd6 26. d3 Nc2 27. Ng4 a4 28.
Ne5 f6 29. Nf7 Ra6 30. h4 a3 31. Ba1 a2 32. h5 Rb6 33. hxg6 hxg6 34. Rxg6 Ba4
35. Rxf6 Rb1 36. Rxe6 Rxa1 37. Re8+ Kc7 38. Re7+ Kb6 39. Re6+ Bc6 40. Ne5 Rxf1+
41. Kxf1 a1=Q+ 42. Kf2 Qe1# {White checkmated} 0-1

[Event "Team 45 45 League T89"]
[Site "Internet Chess Club"]
[Date "2021.07.24"]
[Round "3"]
[White "Goli"]
[Black "room-matt"]
[Result "0-1"]
[WhiteElo "1763"]
[BlackElo "1798"]
[Opening "Ruy Lopez: Schliemann defense"]
[ECO "C63"]
[Time "12:00:46"]
[TimeControl "2700+45"]

1. e4 e5 2. Nf3 Nc6 3. Bb5 f5 4. Bxc6 dxc6 5. Nxe5 Qd4 6. Qh5+ g6 7. Nxg6 hxg6
8. Qxg6+ Kd8 9. O-O Bd6 10. g3 Ne7 11. Qf7 Bxg3 12. Nc3 Bxh2+ 13. Kg2 Rg8+ 14.
Kxh2 Qe5+ {White resigns} 0-1

[Event "Team 45 45 League T89"]
[Site "Internet Chess Club"]
[Date "2021.07.29"]
[Round "3"]
[White "vollmerj"]
[Black "Egmont"]
[Result "0-1"]
[WhiteElo "1529"]
[BlackElo "1655"]
[Opening "Réti opening"]
[ECO "A05"]
[Time "12:00:33"]
[TimeControl "2700+45"]

1. Nf3 Nf6 2. g3 b6 3. Bg2 Bb7 4. O-O e6 5. d4 d5 6. c3 Nbd7 7. Bg5 h6 8. Bf4
Be7 9. Ne5 O-O 10. Nd2 Nxe5 11. Bxe5 Nd7 12. Bf4 Qc8 13. e4 dxe4 14. Nxe4 Nf6
15. Nxf6+ Bxf6 16. Qg4 Bxg2 17. Kxg2 Kh8 18. Be5 Bxe5 19. dxe5 Qb7+ 20. Qf3 Qa6
21. Rfd1 Qb5 22. Qe2 Qxe2 {White resigns} 0-1

[Event "Team 45 45 League T89"]
[Site "Internet Chess Club"]
[Date "2021.07.22"]
[Round "3"]
[White "cityprosecutor"]
[Black "Signofthetimes"]
[Result "1-0"]
[WhiteElo "1686"]
[BlackElo "1589"]
[Opening "Caro-Kann: closed (Breyer) variation"]
[ECO "B10"]
[Time "22:28:46"]
[TimeControl "2700+45"]

1. e4 c6 2. d3 d5 3. Nd2 dxe4 4. Nxe4 Bf5 5. Qe2 Bxe4 6. dxe4 e5 7. Nf3 Nd7 8.
c3 Ngf6 9. Qc2 Qb6 10. Bc4 Be7 11. Be3 Bc5 12. Bg5 Nxe4 13. Qxe4 Bxf2+ 14. Kf1
f6 15. Qe2 Bc5 16. Bh4 O-O-O 17. Bf2 Bxf2 18. Qxf2 Kc7 19. Rd1 h6 20. Qxb6+ Nxb6
21. Rxd8 Rxd8 22. Bb3 c5 23. Ke2 c4 24. Bc2 g5 25. Rd1 Nd5 26. g3 b5 27. Be4 Ne7
28. Rxd8 Kxd8 29. g4 Kc7 30. Nd2 Nc8 31. Bf5 Nd6 32. Ne4 Nxe4 33. Bxe4 Kd6 34.
Ke3 a5 35. Bh7 Kc5 36. Kf3 b4 37. Bg6 Kd5 38. Bf7+ Kc5 39. Ke4 Kb5 40. Kd5 Kb6
41. Kxc4 bxc3 42. bxc3 Kc6 43. Bd5+ Kd6 44. Be4 a4 45. Kb5 a3 46. c4 Kc7 47. c5
{Black resigns} 1-0

[Event "Team 45 45 League T89"]
[Site "Internet Chess Club"]
[Date "2021.07.21"]
[Round "3"]
[White "marioseixas1992"]
[Black "ascoli"]
[Result "0-1"]
[WhiteElo "1326"]
[BlackElo "1585"]
[Opening "French: advance, Paulsen attack"]
[ECO "C02"]
[Time "14:02:00"]
[TimeControl "2700+45"]

1. e4 e6 2. d4 d5 3. e5 c5 4. c3 Nc6 5. Nf3 Qb6 6. a3 c4 7. Nbd2 Na5 8. Be2 Bd7
9. O-O Ne7 10. Rb1 Rc8 11. g4 Ng6 12. h4 Nf4 13. Kh2 Nxe2 14. Qxe2 Ba4 15. Ne1
Be7 16. g5 h6 17. g6 f5 18. exf6 Bxf6 19. f4 Bxh4 20. f5 O-O 21. fxe6 Qd6+ 22.
Kh1 Rxf1+ 23. Nxf1 Bxe1 24. Qxe1 Bc2 25. e7 Be4+ 26. Kg1 Qxg6+ 27. Ng3 Bxb1 28.
Bf4 Re8 29. Qe5 Be4 30. Kf2 Nc6 31. Qc7 Rxe7 32. Qc8+ Qe8 33. Qg4 Rf7 34. Nh5
Qd7 35. Nf6+ Rxf6 36. Qxd7 Rxf4+ 37. Ke1 Rf7 38. Qe6 Na5 39. Kd2 Nb3+ 40. Kd1 b6
41. a4 Kf8 42. Qc8+ Ke7 43. Qc7+ Kf6 44. Qe5+ Kg6 45. Qe8 h5 46. Ke2 Nc1+ 47.
Kd1 Nd3 48. Kd2 Nxb2 49. Ke3 Nd1+ 50. Kd2 Nf2 51. Qe6+ Rf6 52. Qe8+ Kg5 53. Qe7
g6 54. Qe5+ Rf5 55. Qe7+ Kg4 56. Qe6 g5 57. a5 bxa5 58. Qd6 h4 59. Qh2 h3 60.
Qg1+ {White resigns} 0-1

[Event "Team 45 45 League T89"]
[Site "Internet Chess Club"]
[Date "2021.07.25"]
[Round "3"]
[White "MrAbendroth"]
[Black "Ajolote"]
[Result "0-1"]
[WhiteElo "1713"]
[BlackElo "1982"]
[Opening "Sicilian: Pelikan, Chelyabinsk variation"]
[ECO "B33"]
[Time "13:02:01"]
[TimeControl "2700+45"]

1. e4 c5 2. Nf3 Nc6 3. d4 cxd4 4. Nxd4 Nf6 5. Nc3 e5 6. Ndb5 d6 7. Bg5 a6 8. Na3
b5 9. Nd5 Be7 10. Nxe7 Nxe7 11. Bxf6 gxf6 12. c3 f5 13. exf5 Bxf5 14. Nc2 Be6
15. Be2 Rg8 16. Bf3 d5 17. h3 Qd7 18. Ne3 Rd8 19. Ng4 Bxg4 20. Bxg4 Qd6 21. Qe2
Kf8 22. O-O-O f5 23. Bh5 Rxg2 24. Kb1 b4 25. Bf3 Rg6 26. cxb4 d4 27. Rhe1 Re6
28. Qd2 Rb8 29. Rc1 Qxb4 30. Qxb4 Rxb4 31. Rc7 e4 32. Bd1 Rc6 33. Rxc6 Nxc6 34.
Bb3 Ne5 35. Rg1 e3 36. fxe3 dxe3 37. Rg8+ Ke7 38. Rg7+ Kf6 39. Rg2 f4 40. Bd1 f3
41. Bxf3 Nxf3 42. Re2 Re4 43. Kc1 Nd4 44. Re1 e2 45. Kd2 Nf3+ 46. Kd3 Nxe1+
{White resigns} 0-1

[Event "Team 45 45 League T89"]
[Site "Internet Chess Club"]
[Date "2021.07.24"]
[Round "3"]
[White "hipopotamos"]
[Black "ILRE"]
[Result "1-0"]
[WhiteElo "1666"]
[BlackElo "1621"]
[Opening "French: Steinitz variation"]
[ECO "C11"]
[Time "14:00:47"]
[TimeControl "2700+45"]

1. e4 e6 2. d4 d5 3. Nc3 Nf6 4. e5 Nfd7 5. Bd3 c5 6. Bb5 cxd4 7. Qxd4 a6 8.
Bxd7+ Bxd7 9. Qg4 Nc6 10. Bf4 Qb6 11. Rb1 g6 12. Nge2 Bg7 13. Qg3 Rc8 14. O-O
O-O 15. Rfe1 Ne7 16. Qh3 Nf5 17. Ng3 Nxg3 18. Bxg3 Rc4 19. Nxd5 exd5 20. Qxd7
Rd8 21. Qe7 Rxc2 22. e6 Rf8 23. Qd7 fxe6 24. Rxe6 Qxb2 25. Ree1 Qf6 26. Qxd5+
Kh8 27. a3 b5 28. Kh1 Qc3 29. Qd6 Qc6 30. Qe7 Qc7 31. Bxc7 {Black resigns} 1-0

[Event "Team 45 45 League T89"]
[Site "Internet Chess Club"]
[Date "2021.07.25"]
[Round "3"]
[White "manfredo"]
[Black "Redman1"]
[Result "1-0"]
[WhiteElo "1537"]
[BlackElo "1554"]
[Opening "KGA: Abbazia defense, modern variation"]
[ECO "C36"]
[Time "15:00:39"]
[TimeControl "2700+45"]

1. e4 e5 2. f4 exf4 3. Nf3 d5 4. exd5 Nf6 5. Bc4 Nxd5 6. O-O Be7 7. d4 O-O 8.
Bxd5 Qxd5 9. Bxf4 c6 10. Nc3 Qd8 11. Qd3 Be6 12. Rae1 Bf6 13. Be5 Nd7 14. Bxf6
Nxf6 15. Ng5 g6 16. Nxe6 fxe6 17. Rxe6 Qd7 18. Rexf6 {Black resigns} 1-0

[Event "Team 45 45 League T89"]
[Site "Internet Chess Club"]
[Date "2021.07.24"]
[Round "3"]
[White "g8wrb"]
[Black "chesskix"]
[Result "1-0"]
[WhiteElo "1335"]
[BlackElo "1445"]
[Opening "Nimzovich-Larsen attack: English variation"]
[ECO "A01"]
[Time "14:06:38"]
[TimeControl "2700+45"]

1. b3 c5 2. Bb2 Nc6 3. e3 e5 4. Bb5 e4 5. Bxc6 dxc6 6. Nc3 Nf6 7. Nge2 Bg4 8. h3
Bh5 9. Qc1 Bd6 10. Nf4 Bg6 11. O-O Qc7 12. Nxg6 hxg6 13. d3 Bh2+ 14. Kh1 Be5 15.
Nxe4 Nxe4 16. dxe4 Bxb2 17. Qxb2 f6 18. Rad1 g5 19. f3 Qg3 20. c4 Rd8 21. Rxd8+
Kxd8 22. Qf2 Qe5 23. Qd2+ Kc8 24. Rd1 Qc7 25. Qd6 b6 26. Qe6+ Kb8 27. Rd7 Qc8
28. Qd6+ Ka8 29. Qe7 Rg8 30. Rc7 Qa6 31. Rxc6 Qxa2 32. Rc7 Qa1+ 33. Kh2 g4 34.
Qd7 g3+ 35. Kxg3 a5 {Black resigns} 1-0

[Event "Team 45 45 League T89"]
[Site "Internet Chess Club"]
[Date "2021.07.23"]
[Round "3"]
[White "xingon"]
[Black "SeniorCitizen"]
[Result "0-1"]
[WhiteElo "1374"]
[BlackElo "1237"]
[Opening "English: symmetrical variation"]
[ECO "A34"]
[Time "10:00:46"]
[TimeControl "2700+45"]

1. c4 c5 2. Nc3 Nf6 3. d3 h6 4. Nf3 d6 5. g3 Bd7 6. Bg2 Bc6 7. O-O e6 8. a3 Be7
9. b4 b6 10. b5 Bb7 11. a4 a5 12. bxa6 Rxa6 13. Qb3 Qc7 14. Rb1 Nbd7 15. Nb5 Qd8
16. Nd2 Bxg2 17. Kxg2 O-O 18. e3 Qa8+ 19. Kg1 Rxa4 20. Nc7 Qc6 21. Bb2 Rb4
{White resigns} 0-1

[Event "Team 45 45 League T89"]
[Site "Internet Chess Club"]
[Date "2021.07.23"]
[Round "3"]
[White "julesraider"]
[Black "clarinetref"]
[Result "1-0"]
[WhiteElo "1563"]
[BlackElo "1458"]
[Opening "QGA, 4.Nc3"]
[ECO "D24"]
[Time "13:00:58"]
[TimeControl "2700+45"]

1. d4 d5 2. Nf3 Nf6 3. c4 dxc4 4. Nc3 a6 5. a4 b6 6. e4 Bb7 7. e5 Nd5 8. Bxc4 e6
9. O-O c5 10. Ne4 cxd4 11. Bg5 Qd7 12. Nxd4 Be7 13. Bxe7 Nxe7 14. Nd6+ Kf8 15.
Qh5 Nc8 16. Nxf7 Qxf7 17. Nxe6+ Ke7 18. Qg5+ Kd7 19. Rad1+ Nd6 20. Rxd6+ {Black
resigns} 1-0

[Event "Team 45 45 League T89"]
[Site "Internet Chess Club"]
[Date "2021.07.24"]
[Round "3"]
[White "olivermx"]
[Black "gregorgg"]
[Result "1-0"]
[WhiteElo "1271"]
[BlackElo "1376"]
[Opening "Sicilian: closed"]
[ECO "B24"]
[Time "11:12:44"]
[TimeControl "2700+45"]

1. e4 c5 2. Nc3 Nc6 3. g3 g6 4. Bg2 Bg7 5. d3 Nf6 6. Nge2 O-O 7. O-O d6 8. h3
Rb8 9. f4 Nd7 10. Be3 Qc7 11. Qd2 b5 12. f5 b4 13. Nd5 Qa5 14. c3 bxc3 15. Ndxc3
Nde5 16. Rab1 Qa6 17. Nc1 Nb4 18. Rd1 gxf5 19. exf5 Bxf5 20. Bh6 Nbxd3 21. Nxd3
Nxd3 22. Bxg7 Kxg7 23. Qg5+ Bg6 24. Bf1 Ne5 25. Qxe7 Rfe8 26. Qxe5+ Rxe5 27.
Bxa6 Bxb1 28. Rxb1 d5 29. Bf1 d4 30. Na4 Rb7 31. b3 Kf6 32. Rc1 Rc7 33. Bd3 h6
34. Kg2 a5 35. Kf2 Ke6 36. Nb6 Ra7 37. Re1 Rxe1 38. Kxe1 Ke5 39. Na4 Rc7 40. Kf2
f5 41. Kf3 Kf6 42. Kf4 Re7 43. Nxc5 Re5 44. Nd7+ {Black resigns} 1-0

[Event "Team 45 45 League T89"]
[Site "Internet Chess Club"]
[Date "2021.07.27"]
[Round "3"]
[White "Kidpython"]
[Black "WzeroMN"]
[Result "1-0"]
[WhiteElo "1103"]
[BlackElo "1056"]
[Opening "Nimzo-Indian defense"]
[ECO "E20"]
[Time "10:06:33"]
[TimeControl "2700+45"]

1. d4 e6 2. c4 Nf6 3. Nc3 Bb4 4. Bd2 Bxc3 5. Bxc3 O-O 6. Nf3 d6 7. e3 Nbd7 8.
Bd3 b6 9. Qc2 Bb7 10. O-O-O Bxf3 11. gxf3 c5 12. dxc5 dxc5 13. Bxf6 Nxf6 14.
Bxh7+ Nxh7 15. Rxd8 Rfxd8 16. Rg1 Rd7 17. Qc3 Rad8 18. Qxg7# {Black checkmated}
1-0

[Event "Team 45 45 League T89"]
[Site "Internet Chess Club"]
[Date "2021.07.25"]
[Round "3"]
[White "Gojira"]
[Black "kabindra"]
[Result "1-0"]
[WhiteElo "1548"]
[BlackElo "1779"]
[Opening "Queen's pawn: Chigorin variation"]
[ECO "D00"]
[Time "13:11:11"]
[TimeControl "2700+45"]

1. d4 d5 2. Nc3 Bf5 3. f4 e6 4. Nf3 Nc6 5. a3 Bd6 6. e3 Nf6 7. Bd3 Ne4 8. Bxe4
dxe4 9. Ng5 Qf6 10. Ngxe4 Qh4+ 11. g3 Qh3 12. Qf3 O-O 13. Nf2 Qh6 14. Nce4 Bxe4
15. Nxe4 Be7 16. Bd2 Rad8 17. O-O-O f5 18. Nc5 Bxc5 19. dxc5 e5 20. fxe5 Qe6 21.
Kb1 Qxe5 22. Bc3 Qxc5 23. Rxd8 Rxd8 24. Rf1 Rf8 25. Qf4 Qe7 26. Rd1 a5 27. Rd5
Qf7 28. Qf3 Qe6 29. Bxa5 Nxa5 30. Rxa5 b6 31. Qd5 Kf7 32. Rb5 Qxd5 33. Rxd5 Ke6
34. c4 c6 35. Rd4 Rf7 36. Kc2 Ke5 37. Kd3 g5 38. Ke2 f4 39. exf4+ gxf4 40. Rxf4
Rxf4 41. gxf4+ Kxf4 42. b4 Ke4 43. a4 Kd4 44. a5 bxa5 45. bxa5 Kxc4 46. a6
{Black resigns} 1-0